 Dungeon Crawl Stone Soup version 0.27.1-1-g398f81649c (webtiles) character file.

Game seed: 4742877223019965005

71 speeev33 the Poker (level 4, -2/40 HPs)
             Began as a Minotaur Berserker on Sept 15, 2021.
             Was a Believer of Trog.
             Slain by Grinder (3 damage)
             ... while paralysed by Grinder
             ... on level 3 of the Dungeon.
             The game lasted 00:02:20 (1713 turns).

speeev33 the Poker (Minotaur Berserker)             Turns: 1713, Time: 00:02:21

Health: -2/40      AC:  2    Str: 22    XL:     4   Next: 5%
Magic:  3/3        EV:  2    Int:  4    God:    Trog [**....]
Gold:   132        SH:  0    Dex: 10    Spells: 3/3 levels left

rFire    . . .     SeeInvis .   a - +0 spear
rCold    . . .     Faith    .   (no shield)
rNeg     . . .     Spirit   .   b - +0 animal skin
rPois    .         Reflect  .   (helmet restricted)
rElec    .         Harm     .   (no cloak)
rCorr    .         Rampage  .   (no gloves)
Will     .....                  (no boots)
Stlth    +.........             (no amulet)
HPRegen  0.13/turn              (no ring)
MPRegen  0.08/turn              (no ring)

@: paralysed, on berserk cooldown, slowed
A: horns 2, retaliatory headbutt
a: Renounce Religion, Berserk, Trog's Hand


You were on level 3 of the Dungeon.
You worshipped Trog.
Trog was pleased with you.
You visited 1 branch of the dungeon, and saw 3 of its levels.

You collected 132 gold pieces.

Inventory:

Hand Weapons
 a - a +0 spear (weapon)
Armour
 b - a +0 animal skin (worn)
Scrolls
 c - a scroll of blinking
 g - a scroll of identify
 h - a scroll of acquirement {unknown}
Potions
 d - 2 potions of curing
 e - a potion of heal wounds {unknown}
 f - 2 potions of lignification {unknown}


   Skills:
 + Level 4.3 Fighting
 + Level 4.3 Polearms
 + Level 3.4 Armour
 + Level 3.0 Dodging


You had 3 spell levels left.
You didn't know any spells.
Your spell library was empty.

Dungeon Overview and Level Annotations

Branches:
Dungeon (3/15)

Altars:

Annotations:
D:3 Grinder


Innate Abilities, Weirdness & Mutations

You have a pair of horns on your head.
You reflexively headbutt those who attack you in melee.


Message History

You open the door.
There is an open door here.
Grinder comes into view.
Grinder shouts!
Grinder gestures at you.
You suddenly lose the ability to move!
You can move again.
Okay, then.
A red film seems to cover your vision as you go berserk!
You feel yourself moving faster!
You feel mighty!
You feel a strong urge to attack something.
You feel your anger nearly subside. Grinder hits you.
You writhe in agony.
You puncture Grinder! Your headbutt misses Grinder.
Grinder is moderately wounded.
Grinder misses you. You furiously retaliate!
You headbutt Grinder! You completely miss Grinder. You headbutt Grinder!
Grinder is severely wounded.
You are no longer berserk.
You are exhausted.
You feel yourself slow down.
You hit Grinder.
Grinder is severely wounded.
Grinder gestures at you.
You suddenly lose the ability to move!
Grinder hits you.
You writhe in agony.
Grinder gestures at you. Pain shoots through your body! Grinder hits you!
* * * LOW HITPOINT WARNING * * *
You writhe in agony.
* * * LOW HITPOINT WARNING * * *
Grinder gestures at you. You resist with significant effort. Grinder hits you.
* * * LOW HITPOINT WARNING * * *
You writhe in agony.
* * * LOW HITPOINT WARNING * * *
Grinder hits you.
You die...

##[######## #.........#
##+## ###.#######.# #
##...## #.....# #.#
##.#...^.###.#.#.# #.#
..........##.#...# #.#
##.........#.#.### #.#
...........'...# #..
......5@...#...#######.#
##........####.........#
#.#.....## #####.#####
##...## #.# ##+## #.#
#.# #.# #.# ..#


You could see Grinder.

Vanquished Creatures
  2 adders
  2 worms
  2 dart slugs (D:2)
  3 endoplasms
  5 giant cockroaches
  4 hobgoblins
  2 quokkas
  3 ball pythons
  2 bats (D:3)
  4 frilled lizards
  3 goblins (D:2)
  4 kobolds
  9 rats
45 creatures vanquished.

Notes
Turn   | Place    | Note
-------+----------+-------------------------------------------
     0 | D:1      | speeev33 the Minotaur Berserker began the quest for the
                  | Orb.
     0 | D:1      | Reached XP level 1. HP: 19/19 MP: 0/0
   192 | D:1      | Reached XP level 2. HP: 27/27 MP: 1/1
   254 | D:1      | Found a faded altar of an unknown god.
   667 | D:2      | Reached ** piety under Trog
   836 | D:2      | Reached XP level 3. HP: 29/33 MP: 2/2
  1604 | D:3      | Reached XP level 4. HP: 32/40 MP: 3/3
  1699 | D:3      | Noticed Grinder
  1699 | D:3      | Paralysed by Grinder for 2 turns
  1707 | D:3      | Paralysed by Grinder for 7 turns
  1712 | D:3      | HP: 1/40 [Grinder (4)]
  1713 | D:3      | Slain by Grinder

Illustrated notes

Levels and vault maps discovered:
D:1:      lemuel_arrival_river_ford, layout_rooms,
          hellmonk_ecumenical_altar_heavens_door, chequers_avenue,
          minmay_misc_feat_tiny, interstate_on_off, minmay_rat_gold_closets
D:2:      layout_basic
D:3:      layout_loops_corners, serial_shops, nicolae_square_shop, uniq_grinder,
          uniq_natasha

Skill      XL: |  1  2  3 |
---------------+----------+-----
Fighting       | 4 |  4.3
Polearms       | 4 |  4.3
Armour         | 3 |  3.4
Dodging        | 3 |  3.0

Action                   |  1- 3 |  4- 6 || total
-------------------------+-------+-------++-------
Melee: Spear             |   101 |     6 ||   107
       Headbutt          |    11 |     1 ||    12
Invok: Berserk           |       |     1 ||     1
  Use: Scroll            |     2 |       ||     2
 Stab: Sleeping          |     3 |       ||     3
Armor: Animal skin       |     8 |       ||     8
Dodge: Dodged            |    25 |     4 ||    29
